 Dungeon Crawl Stone Soup version 0.31-a0-1204-ge2c1a860ed (webtiles) character file.

Game seed: 721513745498098657

88 Lobster4 the Shooter (level 4, 0/38 HPs)
             Began as a Minotaur Hunter on Dec 12, 2023.
             Slain by a centaur (5 damage)
             ... on level 5 of the Dungeon.
             The game lasted 00:04:29 (1850 turns).

Lobster4 the Shooter (Minotaur Hunter)              Turns: 1850, Time: 00:04:29

Health: 0/38       AC:  4    Str: 16    XL:     4   Next: 30%
Magic:  3/3        EV: 12    Int:  6    God:
Gold:   47         SH:  0    Dex: 15    Spells: 3/3 levels left

rFire   . . .        a - +0 shortbow
rCold   . . .        (shield currently unavailable)
rNeg    . . .        c - +0 leather armour
rPois   .            (helmet restricted)
rElec   .            (no cloak)
rCorr   .            (no gloves)
SInv    .            q - +0 pair of boots
Will    .....        (no amulet)
Stlth   +            (no ring)
HPRegen 0.26/turn    (no ring)
MPRegen 0.08/turn

%: no passive effects
@: no status effects
A: horns 2, retaliatory headbutt
a: no special abilities


You were on level 5 of the Dungeon.
You visited 1 branch of the dungeon, and saw 4 of its levels.

You collected 47 gold pieces.

Inventory:

Hand Weapons
 a - a +0 shortbow (weapon)
 e - a +0 whip
 g - a +0 short sword
 l - a +0 sling
 o - a +2 dagger of speed
 p - a +1 dagger of venom
Missiles
 d - 19 stones
 k - 2 boomerangs
 s - 2 atropa-tipped darts
Armour
 c - a +0 leather armour (worn)
 f - a +0 ring mail
 m - a +0 chain mail
 n - a +0 pair of boots of rampaging
 q - a +0 pair of boots (worn)
Scrolls
 b - a scroll of amnesia {unknown}
 i - a scroll of immolation {unknown}
 j - 2 scrolls of poison
 r - a scroll of identify {unknown}
 t - a scroll of vulnerability {unknown}
Potions
 h - a potion of brilliance {unknown}
 u - a potion of heal wounds {unknown}


   Skills:
 + Level 3.3 Fighting
 * Level 5.2 Ranged Weapons
 + Level 1.8 Armour
 + Level 2.9 Dodging
 - Level 1.0 Stealth


You had 3 spell levels left.
You didn't know any spells.
Your spell library contained the following spells:

 Spells                   Type           Power      Damage    Failure   Level
 Sublimation of Blood     Necr           0%         N/A       67%         2
 Wereblood                Tmut           0%         N/A       67%         2
 Summon Hydra             Summ           0%         N/A       100%        7


Dungeon Overview and Level Annotations

Branches:
Dungeon (5/15)
 Temple: D:4-7

Altars:
Dithmenos
Gozag

Annotations:
D:2 Sigmund
D:5 exclusion: scorpion


Innate Abilities, Weirdness & Mutations

You have a pair of horns on your head.
You reflexively headbutt those who attack you in melee.


Message History

No target in view!
No target in view!
An endoplasm comes into view.
You shoot an arrow. The endoplasm quivers.
The arrow hits the endoplasm!
You kill the endoplasm!
No target in view!
No target in view!
Found an opulent altar of Gozag.
d - 19 stones (gained 6)
t - a scroll labelled KUAMYE VACHAU
u - an inky potion
Found a stone staircase leading down.
There is a stone staircase leading down here.
A malevolent force fills the Dungeon...
You fall into a shaft and drop 2 floors!
The shaft crumbles and collapses.
A scorpion comes into view.
A centaur comes into view.
The centaur shouts!
The centaur wields a +0 shortbow.
The centaur shoots an arrow.
The arrow hits you!
The centaur shoots an arrow.
The arrow hits you.
The centaur shoots an arrow.
The arrow hits you!
The centaur shoots an arrow.
The arrow closely misses you.
The centaur shoots an arrow.
The arrow hits you.
The centaur unwields a +0 shortbow.
The centaur hits you.
* * * LOW HITPOINT WARNING * * *
The centaur kicks you but does no damage.
You shoot an arrow. The arrow hits the centaur.
The centaur is lightly wounded.
The centaur hits you.
* * * LOW HITPOINT WARNING * * *
The centaur kicks you but does no damage.
You shoot an arrow.
The arrow hits the centaur but does no damage.
The centaur is lightly wounded.
The centaur hits you.
You die... ###################.### ................@c....# #######################

You could see a centaur.

Vanquished Creatures
  A gnoll (D:1)
  An adder (D:2)
  3 dart slugs (D:1)
  4 ball pythons
  4 endoplasms
  4 giant cockroaches
  7 goblins
  7 hobgoblins
  2 jackals (D:2)
  8 kobolds
  4 quokkas
  5 bats (D:1)
  3 frilled lizards
  5 rats
58 creatures vanquished.

Notes
Turn   | Place    | Note
-------+----------+-------------------------------------------
     0 | D:1      | Lobster4 the Minotaur Hunter began the quest for the Orb.
     0 | D:1      | Reached XP level 1. HP: 18/18 MP: 0/0
    76 | D:1      | Reached skill level 1 in Stealth
   169 | D:1      | Reached XP level 2. HP: 23/25 MP: 1/1
   295 | D:1      | Reached skill level 1 in Armour
   433 | D:1      | Reached XP level 3. HP: 22/30 MP: 2/2
   594 | D:1      | Reached skill level 5 in Ranged Weapons
   986 | D:2      | Found a faded altar of an unknown god.
  1024 | D:2      | Reached XP level 4. HP: 13/38 MP: 3/3
  1146 | D:2      | Noticed Sigmund
  1337 | D:3      | Found a shadowy altar of Dithmenos.
  1696 | D:3      | Found an opulent altar of Gozag.
  1785 | D:3      | You fall into a shaft and drop 2 floors!
  1785 | D:5      | Entered Level 5 of the Dungeon
  1808 | D:5      | Noticed a scorpion
  1839 | D:5      | Noticed a centaur
  1850 | D:5      | Slain by a centaur

Illustrated notes

Levels and vault maps discovered:
D:1:      dpeg_arrival_lava_temple_mockup, layout_basic
D:2:      layout_loops_cross, basic_ecumenical_altar, uniq_jessica, uniq_sigmund
D:3:      layout_loops_cross, nicolae_dithmenos_shadow_blocks,
          old_standard_altar
D:5:      minmay_chambers_of_fours, layout_basic, zin_purify,
          general_overflow_altar, minmay_misc_feat_more_columns,
          nicolae_custom_books

Skill      XL: |  1  2  3 |
---------------+----------+-----
Stealth        | 1 |  1.0
Armour         | 1 |  1.8
Fighting       | 3 |  3.3
Ranged Weapons | 5 |  5.2
Dodging        | |  2.9

Action                     |  1- 3 |  4- 6 || total
---------------------------+-------+-------++-------
   Fire: Shortbow          |   104 |    47 ||   151
    Use: Scroll            |       |     2 ||     2
 Armour: Leather armour    |    25 |    18 ||    43
  Dodge: Dodged            |    25 |     6 ||    31

Table legend: (Time is in decaauts)
 A = Elapsed time spent in this place.
 B = Non-inter-level travel time spent in this place.
 C = Inter-level travel time spent in this place.
 D = Time resting spent in this place.
 E = Time spent auto-exploring this place.
 F = Levels seen in this place.
 G = Mean time per level.
                   A        B        C        D        E       F      G
               +--------+--------+--------+--------+--------+-----+--------+
         Total |   1878 |   1723 |    155 |    198 |   1129 |   4 |  469.5 |
       Dungeon |   1878 |   1723 |    155 |    198 |   1129 |   4 |  469.5 |
               +--------+--------+--------+--------+--------+-----+--------+

Top non-repeatable levels by time:
     D:1: 915 daAuts
     D:2: 489 daAuts
     D:3: 409 daAuts
     D:5: 64 daAuts
